 Dungeon Sprint DCSS version 0.26-a0-976-gd3b5134375 (webtiles) character file.

Game seed: 6658454491414076056

46 Conn the Firebug (level 3, -1/25 HPs)
             Began as an Octopode Fire Elementalist on Dec 5, 2020.
             Slain by a worker ant (5 damage)
             ... in the Dungeon (Sprint II: "The Violet Keep of Menkaure").
             The game lasted 00:01:39 (369 turns).

Conn the Firebug (Octopode Fire Elementalist)        Turns: 369, Time: 00:01:40

Health: -1/25      AC:  1    Str:  8    XL:     3   Next: 68%
Magic:  6/7        EV: 14    Int: 17    God:
Gold:   0          SH:  0    Dex: 12    Spells: 1/8 levels left

rFire    . . .     SeeInvis .     - Unarmed
rCold    . . .     Faith    .   (no shield)
rNeg     . . .     Spirit   .   (helmet restricted)
rPois    .         Reflect  .   (no amulet)
rElec    .         Harm     .   (no ring)
rCorr    .         Rampage  .   (no ring)
MR       .....     NoTele   +   (no ring)
Stlth    +++.......             (no ring)
HPRegen  0.08/turn              (no ring)
MPRegen  0.10/turn              (no ring)
                                (no ring)
                                (no ring)

@: lethally poisoned (-1 -> -6)
A: almost no armour, stealthy swim, amphibious, 8 rings, constrict 8, camouflage
1, gelatinous body 1
a: no special abilities


You were in the Dungeon.
You visited 1 branch

Inventory:

Scrolls
 g - a scroll of blinking
Potions
 b - a potion of curing
 c - a potion of heal wounds
 e - 2 potions of magic


   Skills:
 * Level 2.6 Fighting
 * Level 3.8 Dodging
 - Level 2.6 Stealth
 - Level 1.0 Unarmed Combat
 + Level 3.0 Spellcasting
 + Level 1.1 Conjurations
 + Level 5.2 Fire Magic


You had one spell level left.
You knew the following spells:

 Your Spells              Type           Power        Failure   Level
a - Foxfire               Conj/Fire      ##..         4%          1
b - Conjure Flame         Conj/Fire      ##......     14%         3
c - Inner Flame           Hex/Fire       ##......     19%         3

Your spell library contained the following spells:

 Spells                   Type           Power        Failure   Level
 Sticky Flame             Conj/Fire      ##......     43%         4
 Fireball                 Conj/Fire      ##........   78%         5


Dungeon Overview and Level Annotations

Branches:
Dungeon (1/1)

Altars:


Innate Abilities, Weirdness & Mutations

You cannot wear most types of armour.
You are very stealthy in the water. (Stealth+)
You are amphibious.
You can wear up to eight rings at the same time.
You can use your tentacles to constrict eight enemies at once.
Your skin changes colour to match your surroundings (Stealth+).
Your rubbery body absorbs attacks. (AC +1, EV +1)


Message History

You tentacle-slap the worker ant but do no damage.
The worker ant is heavily wounded.
You constrict the worker ant.
You feel sick. The worker ant bites you. The worker ant barely misses you.
Unknown command.
You tentacle-slap the worker ant but do no damage.
The worker ant is severely wounded.
You constrict the worker ant. The worker ant bites you.
* * * LOW HITPOINT WARNING * * *
Unknown command.
You tentacle-slap the worker ant but do no damage.
The worker ant is almost dead.
You constrict the worker ant, but do no damage.
* * * LOW HITPOINT WARNING * * *
You feel sick. The worker ant barely misses you.
Unknown command.
You completely miss the worker ant.
The worker ant is almost dead.
You constrict the worker ant. The worker ant bites you.
You die...

## ##B
#+#
#..###.##
+##v'.<.+
#.@###.##
##B# #+#
###


You could see a worker ant.

Vanquished Creatures
  2 worker ants (D)
2 creatures vanquished.

Vanquished Creatures (others)
  A water moccasin (D)
  9 foxfires (D)
10 creatures vanquished.

Grand Total: 12 creatures vanquished

Notes
Turn   | Place    | Note
-------+----------+-------------------------------------------
     0 | D        | Conn the Octopode Fire Elementalist began the quest for the
                  | Orb.
     0 | D        | Reached XP level 1. HP: 11/11 MP: 3/3
     1 | D        | Noticed a worker ant
     1 | D        | Noticed a worker ant
     8 | D        | Killed a worker ant
     9 | D        | Reached skill level 4 in Fire Magic
     9 | D        | Reached XP level 2. HP: 4/19 MP: 3/5
     9 | D        | Reached XP level 3. HP: 5/24 MP: 4/7
    12 | D        | Reached skill level 1 in Unarmed Combat
    12 | D        | Reached skill level 5 in Fire Magic
    72 | D        | Learned a level 3 spell: Conjure Flame
    76 | D        | Learned a level 3 spell: Inner Flame
   336 | D        | Killed a water moccasin
   369 | D        | Slain by a worker ant

Illustrated notes

Levels and vault maps discovered:
D:        the_violet_keep_of_menkaure [sprint2_stairs_cluster_1,
          sprint2_shoproom, sprint2_temple, sprint2_basic_supplies,
          sprint2_obstacle_3, sprint2_obstacle_6, sprint2_obstacle_1,
          sprint2_obstacle_4, sprint2_obstacle_2, sprint2_timed_cluster_1,
          sprint2_smallroom_cluster_1, sprint2_smallroom_final_cluster_1,
          sprint2_transparent_cluster_1, sprint2_second_timed_cluster_1,
          sprint2_sniper_area_1, sprint2_heavy_combat_area_1,
          sprint2_mutation_trap_area_1, sprint2_forest_area_1,
          sprint2_light_combat_area_1, sprint2_behind_water_1,
          sprint2_near_end_vault_1]

Skill      XL: |  1  2  3 |
---------------+----------+-----
Fighting       | 2 |  2.6
Dodging        | 3 |  3.8
Fire Magic     | 4 5 |  5.2
Unarmed Combat | 1 |  1.0
Spellcasting   | 3 |  3.0
Stealth        | |  2.6
Conjurations   | |  1.1

Action                   || total
-------------------------++-------
Melee: Unarmed           ||    13
       Constrict         ||     3
       Tentacles         ||     2
 Cast: Foxfire           ||     6
       Conjure Flame     ||     1
  Use: Potion            ||     2
 Stab: Sleeping          ||     1
Dodge: Dodged            ||     7

Table legend: (Time is in decaauts)
 A = Elapsed time spent in this place.
 B = Non-inter-level travel time spent in this place.
 C = Inter-level travel time spent in this place.
 D = Time resting spent in this place.
 E = Time spent auto-exploring this place.
 F = Levels seen in this place.
 G = Mean time per level.
                   A        B        C        D        E       F      G
               +--------+--------+--------+--------+--------+-----+--------+
         Total |    368 |    368 |      0 |    316 |      0 |   1 |  368.0 |
       Dungeon |    368 |    368 |      0 |    316 |      0 |   1 |  368.0 |
               +--------+--------+--------+--------+--------+-----+--------+

Top non-repeatable levels by time:
       D: 368 daAuts
